 Dungeon Crawl Stone Soup version 0.22-a0-812-g4c1e2d5471 (webtiles) character file.

62 Holdmyjuicebox the Skirmisher (level 3, -3/30 HPs)
             Began as a Demonspawn Wanderer on July 23, 2018.
             Slain by an orc priest
             ... wielding a +0 dagger
              (4 damage)
             ... on level 3 of the Dungeon.
             The game lasted 00:02:52 (1611 turns).

Holdmyjuicebox the Skirmisher (Demonspawn Wanderer) Turns: 1611, Time: 00:02:53

Health: -3/30      AC:  2    Str: 14    XL:     3   Next: 85%
Magic:  3/3        EV: 11    Int: 14    God:
Gold:   86         SH:  0    Dex: 10    Spells: 2/2 levels left

rFire    . . .     SeeInvis .   a - +2 shortbow
rCold    . . .     Gourm    .   (shield currently unavailable)
rNeg     . . .     Faith    .   e - +0 robe
rPois    .         Spirit   .   (no helmet)
rElec    .         Reflect  .   (no cloak)
rCorr    .         Harm     .   (no gloves)
MR       .....                  (no boots)
Stlth    ++........             (no amulet)
HPRegen  0.10/turn              (no ring)
MPRegen  0.08/turn              (no ring)

@: no status effects
A: talons 1, powered by pain 1
a: no special abilities


You were on level 3 of the Dungeon.
You were hungry.

You visited 1 branch of the dungeon, and saw 3 of its levels.

You collected 86 gold pieces.

Inventory:

Hand Weapons
 a - a +2 shortbow (weapon)
 f - a +0 dagger
Missiles
 b - 40 arrows (quivered)
Armour
 e - a +0 robe (worn)
Scrolls
 h - 6 scrolls of teleportation {unknown}
 i - 3 scrolls of identify {unknown}
 j - a scroll of remove curse {unknown}
 k - a scroll of amnesia {unknown}
 l - a scroll of enchant weapon {unknown}
 m - a scroll of random uselessness {unknown}
Potions
 c - a potion of curing
 d - 2 potions of lignification
 n - 2 potions of flight {unknown}
Comestibles
 g - 3 rations


   Skills:
 + Level 3.8 Fighting
 - Level 3.6 Bows
 - Level 1.0 Throwing
 - Level 3.6 Stealth


You had 2 spell levels left.
You didn't know any spells.
Your spell library was empty.

Dungeon Overview and Level Annotations

Branches:
Dungeon (3/15)

Altars:


Innate Abilities, Weirdness & Mutations

You have sharp toenails.
You sometimes gain a little power by taking damage.


Message History

You shoot an arrow. The arrow barely misses the orc priest.
The orc priest invokes the aid of Beogh against you.
Pain shoots through your body!
You are too injured to fight recklessly!
You are too injured to fight recklessly!
You are too injured to fight recklessly!
Firing (i - inventory)
b - 42 arrows (quivered)
Press: ? - help, Shift-Dir - straight line, f/p - orc priest
Aim: an orc priest, wielding a dagger and wearing a leather armour (almost dead)
You shoot an arrow.
The arrow closely misses the orc priest.
The orc priest calls down the wrath of Beogh upon you.
Beogh smites you!
* * * LOW HITPOINT WARNING * * *
Firing (i - inventory)
b - 41 arrows (quivered)
Press: ? - help, Shift-Dir - straight line, f/p - orc priest
Aim: an orc priest, wielding a dagger and wearing a leather armour (almost dead)
You shoot an arrow. The arrow barely misses the orc priest.
The orc priest hits you with a dagger.
You die...

.....................##.
.........<..............
...............##...#.(
#..................###
###.............####...
........................
...........[....########
..##..........# ##
#.@.....#### ##o.##.##
.(.#### #o#.. #.#### #(
#. ((


You could see an orc priest and an orc.

Vanquished Creatures
  An adder (D:2)
  2 worms
  2 dart slugs (D:2)
  An orc (D:3)
  2 giant cockroaches (D:1)
  4 hobgoblins
  4 jackals (D:1)
  8 bats
  4 frilled lizards (D:1)
  4 goblins
  6 kobolds
  5 rats
43 creatures vanquished.

Notes
Turn   | Place    | Note
-------+----------+-------------------------------------------
     0 | D:1      | Holdmyjuicebox the Demonspawn Wanderer began the quest for the Orb.
     0 | D:1      | Holdmyjuicebox set off with: a +2 shortbow, 28 arrows, a potion of curing, a potion of lignification, a +0 robe, a +0 dagger, a ration
     0 | D:1      | Reached XP level 1. HP: 15/15 MP: 1/1
   135 | D:1      | Gained mutation: You sometimes gain a little power by taking damage. [demonic ancestry]
   135 | D:1      | Reached XP level 2. HP: 22/22 MP: 2/2
   920 | D:2      | Gained mutation: You have sharp toenails. [demonic ancestry]
   920 | D:2      | Reached XP level 3. HP: 29/29 MP: 3/3
  1610 | D:3      | HP: 1/30 [orc priest/divine providence (12)]
  1611 | D:3      | Slain by an orc priest

Vault maps used:
D:1:      dpeg_arrival_boxorama
D:3:      hellmonk_ghost_happy_afterlife, first_ration, trog_hazing_becter

Skill      XL: |  1  2 |
---------------+-------+-----
Fighting       | 2 3 |  3.8
Bows           | |  3.6
Throwing       | |  1.0
Stealth        | |  3.6

Action                   || total
-------------------------++-------
 Fire: Shortbow          ||   112
  Eat: Chunk             ||     1
Armor: Robe              ||     6
Dodge: Dodged            ||    10

Table legend:
 A = Spawn XP
 B = Non-spawn XP
 C = Spawn XP percentage of total XP
 D = Spawn monster count
 E = Non-spawn monster count
 F = Spawn count percentage of total count
 G = Total turns spent on level
                    A         B        C        D         E        F      G
               +---------+---------+-------+---------+---------+-------+---------
         Total |       0 |      89 |   0.0 |       0 |      43 |   0.0 |  1611
               +---------+---------+-------+---------+---------+-------+---------
           D:1 |       0 |      40 |   0.0 |       0 |      27 |   0.0 |   910
           D:2 |       0 |      40 |   0.0 |       0 |      13 |   0.0 |   619
           D:3 |       0 |       9 |   0.0 |       0 |       3 |   0.0 |    82
               +---------+---------+-------+---------+---------+-------+---------
